 Dungeon Crawl Stone Soup version 0.25-a0-346-g140ab784a8 (webtiles) character file.

Game seed: 1574789611688518212, levelgen mode: deterministic

106 PentaManta the Changer (level 4, 0/33 HPs)
             Began as a Merfolk Transmuter on Jan 1, 2020.
             Slain by an orc
             ... wielding a +0 club
              (1 damage)
             ... on level 3 of the Dungeon.
             The game lasted 00:08:11 (1920 turns).

PentaManta the Changer (Merfolk Transmuter)         Turns: 1920, Time: 00:08:11

Health: 0/33       AC:  2    Str: 18    XL:     4   Next: 84%
Magic:  8/8        EV: 13    Int: 13    God:
Gold:   104        SH:  0    Dex: 14    Spells: 3/9 levels left

rFire    . . .     SeeInvis .     - Unarmed
rCold    . . .     Gourm    .   (no shield)
rNeg     . . .     Faith    .   b - +0 robe
rPois    .         Spirit   .   (no helmet)
rElec    .         Reflect  .   (no cloak)
rCorr    .         Harm     .   (no gloves)
MR       .....                  (no boots)
Stlth    +.........             (no amulet)
HPRegen  0.11/turn              h - +3 ring of strength
MPRegen  0.11/turn              (no ring)

@: mighty, appendage
A: change form in water, swift swim, stealthy swim, horns 2
a: End Transformation


You were on level 3 of the Dungeon.
You were very hungry.
You had grown temporary horns.
You visited 1 branch of the dungeon, and saw 3 of its levels.

You collected 104 gold pieces.

Inventory:

Hand Weapons
 p - a +0 hunting sling
Missiles
 a - 51 arrows
 n - 13 poisoned darts
 q - 46 stones (quivered)
 s - 4 javelins
Armour
 b - a +0 robe (worn)
 k - a +0 buckler
 l - a +1 leather armour
 v - a +0 helmet
Jewellery
 e - an uncursed ring of fire
 h - a +3 ring of strength (left hand)
 r - an uncursed amulet of guardian spirit
Scrolls
 c - 2 scrolls of fear
 i - 2 scrolls of identify
 t - 2 scrolls of magic mapping
 w - a scroll of noise {unknown}
Potions
 g - 2 potions of degeneration
 j - 3 potions of brilliance
 o - 3 potions of flight {unknown}
Comestibles
 d - 2 rations


   Skills:
 + Level 1.8 Fighting
 + Level 3.4 Dodging
 + Level 3.7 Unarmed Combat
 * Level 3.0 Spellcasting
 * Level 4.1 Transmutations


You had 3 spell levels left.
You knew the following spells:

 Your Spells              Type           Power        Failure   Level  Hunger
a - Beastly Appendage     Tmut           ##....       4%          1    #......
b - Sticks to Snakes      Tmut           ##......     6%          2    ###....
c - Spider Form           Tmut/Pois      #.........   30%         3    ###....

Your spell library contained the following spells:

 Spells                   Type           Power        Failure   Level  Hunger
 Ice Form                 Ice/Tmut       #.......     69%         4    #####..
 Blade Hands              Tmut           ##........   75%         5    ######.


Dungeon Overview and Level Annotations

Branches:
Dungeon (3/15)

Altars:

Annotations:
D:2 Sigmund


Innate Abilities, Weirdness & Mutations

You revert to your normal form in water.
You are very nimble and swift while swimming.
You are very stealthy in the water. (Stealth+)
You have a pair of horns on your head.


Message History

You hear some strange, mumbled words.
A puff of frost appears from out of thin air!
The puff of frost hits you.
You hit something. Something hits you.
You miss something.
You hear some strange, mumbled words.
A puff of flame appears from out of thin air!
The puff of flame hits you!
* * * LOW HITPOINT WARNING * * *
You hit something. Something barely misses you.
You feel very mighty all of a sudden. Something hits you.
* * * LOW HITPOINT WARNING * * *
You punch something!
Reactivating autopickup.
Your Spellcasting skill increases to level 3!
Your Transmutations skill increases to level 4!
You feel a bit more experienced.
You closely miss the orc. The orc hits you with a +0 club.
You die...

#.##..##.####.###.##
#.##.###......# #.# ####
#........###### #.#
####... ####.##### ##'##
#...... #.#
##...###.##.## #.####
##.....##.##.## #.##.##
##.......#.##.#.
#.#...####..........##...
#.....<.@oo..............
##....####..........###..
#.#.## ##)......#......
#.### ##.....######># #.#
##...## #.# #.# ##'## #.#
#.# #.# #.# #.# .. #.# ##
#.#


You could see 2 orcs.

Vanquished Creatures
  An orc wizard (D:3)
  2 adders
  An ooze (D:3)
  2 worms (D:3)
  4 leopard geckos
  An orc (D:3)
  4 goblins
  3 hobgoblins
  5 jackals
  4 kobolds
  4 bats
  5 frilled lizards
  5 rats
41 creatures vanquished.

Vanquished Creatures (collateral kills)
  An adder (D:3)
  A rat (D:3)
2 creatures vanquished.

Grand Total: 43 creatures vanquished

Notes
Turn   | Place    | Note
-------+----------+-------------------------------------------
     0 | D:1      | PentaManta the Merfolk Transmuter began the quest for the
                  | Orb.
     0 | D:1      | Reached XP level 1. HP: 15/15 MP: 3/3
   330 | D:1      | Reached XP level 2. HP: 21/21 MP: 3/5
   334 | D:1      | Learned a level 2 spell: Sticks to Snakes
   350 | D:1      | Reached skill level 3 in Transmutations
   800 | D:2      | Noticed Sigmund
  1059 | D:2      | Reached XP level 3. HP: 20/26 MP: 0/6
  1077 | D:2      | Learned a level 3 spell: Spider Form
  1628 | D:3      | Reached XP level 4. HP: 7/32 MP: 3/8
  1918 | D:3      | HP: 1/33 [something (2)]
  1919 | D:3      | Reached skill level 4 in Transmutations
  1920 | D:3      | Slain by an orc

Levels and vault maps discovered:
D:1:      matt_arrival_grand_opening, layout_basic
D:2:      layout_basic, grunt_ministairs_7, uniq_sigmund
D:3:      layout_loops_corners, marbit_many_paths

Skill      XL: |  1  2  3  4 |
---------------+-------------+-----
Transmutations | 3 4 |  4.1
Dodging        | 3 |  3.4
Spellcasting   | 3 |  3.0
Fighting       | |  1.8
Unarmed Combat | |  3.7

Action                   |  1- 3 |  4- 6 || total
-------------------------+-------+-------++-------
Melee: Unarmed           |   114 |    41 ||   155
       Headbutt          |    11 |     4 ||    15
       Punch             |       |     1 ||     1
Throw: Stone             |     1 |       ||     1
 Cast: Beastly Appendage |    21 |     3 ||    24
       Sticks to Snakes  |     6 |       ||     6
  Use: Scroll            |     9 |       ||     9
       Potion            |       |     2 ||     2
 Stab: Sleeping          |     1 |       ||     1
  Eat: Chunk             |     3 |       ||     3
Armor: Robe              |    12 |     3 ||    15
       Leather armour    |     1 |       ||     1
Dodge: Dodged            |    64 |    25 ||    89

Table legend:
 A = Non-vault XP
 B = Vault XP
 C = Vault XP percentage of total XP
 D = Non-vault monster count
 E = Vault monster count
 F = Vault count percentage of total count
                 A         B        C        D         E       F
            +---------+---------+-------+---------+---------+-------
      Total |     148 |       4 |   2.6 |      41 |       2 |   4.7
            +---------+---------+-------+---------+---------+-------
        D:1 |      17 |       0 |   0.0 |      12 |       0 |   0.0
        D:2 |      37 |       4 |   9.8 |      14 |       2 |  12.5
        D:3 |      94 |       0 |   0.0 |      15 |       0 |   0.0
            +---------+---------+-------+---------+---------+-------
